[ AOE2 MATCH · #483531301 ]
UnrankedCumans vs Romans
[ REPLAY ANALYSIS · EXTRACTED FROM THE RECORDED GAME ]
Feudal
10:26
Castle
—
Imperial
—
| APM avg | 28.7 |
| APM peak | 80 |
| eAPM avg | 16.6 |
| Villagers / military | 48 / 0 |
Focus
⚔️ 9.2% · 🌾 90.8%
Feudal
10:34
Castle
—
Imperial
—
| APM avg | 28.7 |
| APM peak | 56 |
| eAPM avg | 16.7 |
| Villagers / military | 32 / 15 |
Focus
⚔️ 36.9% · 🌾 63.1%
Militia ×15
Feudal
11:51
Castle
—
Imperial
—
| APM avg | 23.0 |
| APM peak | 46 |
| eAPM avg | 11.7 |
| Villagers / military | 33 / 0 |
Focus
⚔️ 12.0% · 🌾 88.0%
Feudal
10:56
Castle
15:20
Imperial
—
| APM avg | 24.1 |
| APM peak | 49 |
| eAPM avg | 12.2 |
| Villagers / military | 33 / 2 |
Focus
⚔️ 15.6% · 🌾 84.4%
Knight ×2
Feudal
11:43
Castle
—
Imperial
—
| APM avg | 14.7 |
| APM peak | 64 |
| eAPM avg | 6.6 |
| Villagers / military | 25 / 0 |
Focus
⚔️ 20.2% · 🌾 79.8%
Feudal
9:25
Castle
—
Imperial
—
| APM avg | 25.3 |
| APM peak | 46 |
| eAPM avg | 15.7 |
| Villagers / military | 32 / 7 |
Focus
⚔️ 55.0% · 🌾 45.0%
Battering Ram ×7
Feudal
12:12
Castle
—
Imperial
—
| APM avg | 17.4 |
| APM peak | 40 |
| eAPM avg | 9.3 |
| Villagers / military | 30 / 0 |
Focus
⚔️ 6.8% · 🌾 93.2%
Feudal
11:03
Castle
15:16
Imperial
—
| APM avg | 45.3 |
| APM peak | 111 |
| eAPM avg | 18.1 |
| Villagers / military | 37 / 2 |
Focus
⚔️ 8.6% · 🌾 91.4%
Flemish Militia ×2
Match map
Initial resources + every placement click. Lines = walls · curves = elevation contours. ◆ gold · ⬟ stone · ● berries · ✦ relic · ◌ wall gap
Your base· ✓ Closed at 12:00 · 0t walls · 2 gate(s)
Bad Boy's base· ✓ Closed at 12:00 · 0t walls · 2 gate(s)
Sky_二哥's base· ✓ Closed at 13:04 · 0t walls · 2 gate(s)
donE!'s base· ✓ Closed at 15:20 · 0t walls · 2 gate(s)
西岸大法咒's base· ✓ Closed at 12:55 · 0t walls · 2 gate(s)
->BaD^BoY^VieTNaM<-'s base· ✓ Closed at 12:00 · 0t walls · 2 gate(s)
Kingssiu's base· ✓ Closed at 13:34 · 0t walls · 2 gate(s)
大丈夫岂能郁郁久居于's base· ✓ Closed at 15:16 · 0t walls · 2 gate(s)
Smoothed initial terrain · ◌ = detected wall gap · hover for details
Inputs per minute
— 叫我帅哥就好了 - - Bad Boy
Build order — 叫我帅哥就好了
79 actions detected in the replay
| 0:01 | Create | Villager (Male) |
| 0:02 | Create | Villager (Male) |
| 0:03 | Build | House |
| 0:05 | Build | House |
| 0:08 | Create | Villager (Male) |
| 0:10 | Create | Villager (Male) |
| 1:30 | Create | Villager (Male) |
| 1:50 | Build | Lumber Camp |
| 2:08 | Create | Villager (Male) |
| 2:08 | Create | Villager (Male) |
| 2:18 | Create | Villager (Male) |
| 2:19 | Create | Villager (Male) |
| 2:55 | Create | Villager (Male) |
| 3:03 | Create | Villager (Male) |
| 3:04 | Create | Villager (Male) |
| 3:04 | Create | Villager (Male) |
| 3:37 | Create | Villager (Male) |
| 4:02 | Build | House |
| 4:03 | Build | House |
| 4:11 | Build | House |
| 4:19 | Create | Villager (Male) |
| 4:19 | Create | Villager (Male) |
| 4:19 | Create | Villager (Male) |
| 4:39 | Create | Villager (Male) |
| 4:39 | Create | Villager (Male) |
| 4:39 | Create | Villager (Male) |
| 4:40 | Create | Villager (Male) |
| 5:35 | Build | Mill |
| 5:38 | Create | Villager (Male) |
| 6:03 | Create | Villager (Male) |
| 6:03 | Create | Villager (Male) |
| 6:03 | Create | Villager (Male) |
| 6:04 | Create | Villager (Male) |
| 6:27 | Build | Farm |
| 6:30 | Build | Farm |
| 6:36 | Build | Farm |
| 7:42 | Build | Mining Camp |
| 7:48 | Create | Villager (Male) |
| 8:16 | Research | Feudal Age |
| 9:24 | Create | Villager (Male) |
| 10:14 | Create | Villager (Male) |
| 10:15 | Create | Villager (Male) |
| 10:26 | Age | Feudal Age |
| 10:31 | Build | Town Center |
| 10:35 | Research | Double-Bit Axe |
| 10:37 | Create | Villager (Male) |
| 10:56 | Research | Horse Collar |
| 11:41 | Create | Villager (Male) |
| 11:58 | Build | Market |
| 12:06 | Create | Villager (Male) |
| 12:21 | Build | Blacksmith |
| 12:27 | Create | Villager (Male) |
| 12:36 | Build | Farm |
| 12:38 | Create | Villager (Male) |
| 12:58 | Create | Villager (Male) |
| 12:59 | Create | Villager (Male) |
| 12:59 | Create | Villager (Male) |
| 13:01 | Create | Villager (Male) |
| 13:11 | Build | House |
| 13:12 | Build | House |
| 13:20 | Build | Farm |
| 13:23 | Build | Farm |
| 13:26 | Build | Farm |
| 13:34 | Create | Villager (Male) |
| 13:48 | Create | Villager (Male) |
| 13:51 | Create | Villager (Male) |
| 14:00 | Build | Barracks |
| 14:11 | Create | Villager (Male) |
| 14:37 | Create | Villager (Male) |
| 14:40 | Build | House |
| 14:49 | Create | Villager (Male) |
| 14:51 | Create | Villager (Male) |
| 15:03 | Create | Villager (Male) |
| 15:05 | Build | House |
| 15:14 | Create | Villager (Male) |
| 15:21 | Build | Farm |
| 15:22 | Build | Farm |
| 15:34 | Build | Farm |
| 15:37 | Build | House |
Build order — Bad Boy
78 actions detected in the replay
| 0:01 | Create | Villager (Male) |
| 0:01 | Create | Villager (Male) |
| 0:01 | Create | Villager (Male) |
| 0:02 | Create | Villager (Male) |
| 0:03 | Build | House |
| 0:04 | Build | House |
| 1:07 | Create | Villager (Male) |
| 1:56 | Create | Villager (Male) |
| 2:12 | Create | Villager (Male) |
| 2:33 | Build | Lumber Camp |
| 2:51 | Create | Villager (Male) |
| 2:55 | Create | Villager (Male) |
| 3:20 | Create | Villager (Male) |
| 3:29 | Build | House |
| 3:53 | Create | Villager (Male) |
| 4:29 | Create | Villager (Male) |
| 4:29 | Create | Villager (Male) |
| 4:58 | Create | Villager (Male) |
| 4:59 | Create | Villager (Male) |
| 5:15 | Create | Villager (Male) |
| 5:30 | Create | Villager (Male) |
| 5:34 | Build | Mill |
| 5:53 | Build | House |
| 6:45 | Create | Villager (Male) |
| 6:45 | Create | Villager (Male) |
| 6:45 | Create | Villager (Male) |
| 7:14 | Build | Mining Camp |
| 7:38 | Build | Barracks |
| 8:15 | Build | House |
| 8:24 | Research | Feudal Age |
| 8:26 | Create | Militia |
| 8:51 | Build | House |
| 8:56 | Create | Militia |
| 8:57 | Create | Militia |
| 8:57 | Create | Militia |
| 9:26 | Create | Militia |
| 9:54 | Create | Militia |
| 10:07 | Build | Mill |
| 10:34 | Age | Feudal Age |
| 10:37 | Research | Man-at-Arms (upgrade) |
| 10:39 | Create | Villager (Male) |
| 10:40 | Research | Loom |
| 10:53 | Build | Blacksmith |
| 11:02 | Build | House |
| 11:09 | Create | Villager (Male) |
| 11:11 | Create | Militia |
| 11:36 | Research | Scale Mail Armor |
| 11:44 | Create | Militia |
| 11:44 | Create | Militia |
| 11:44 | Create | Militia |
| 11:56 | Research | Forging |
| 12:02 | Build | House |
| 12:19 | Create | Villager (Male) |
| 12:31 | Build | House |
| 12:34 | Create | Villager (Male) |
| 12:35 | Create | Villager (Male) |
| 12:35 | Create | Villager (Male) |
| 12:53 | Build | House |
| 13:08 | Create | Villager (Male) |
| 13:08 | Create | Villager (Male) |
| 13:08 | Create | Villager (Male) |
| 13:08 | Create | Villager (Male) |
| 13:12 | Create | Militia |
| 13:26 | Build | Mill |
| 13:45 | Build | House |
| 13:49 | Research | Double-Bit Axe |
| 14:36 | Create | Militia |
| 14:37 | Create | Militia |
| 14:57 | Create | Militia |
| 14:57 | Create | Militia |
| 15:36 | Build | Farm |
| 15:37 | Build | Farm |
| 15:38 | Build | Farm |
| 15:39 | Build | Farm |
| 15:40 | Build | Farm |
| 15:43 | Build | House |
| 15:44 | Create | Villager (Male) |
| 15:45 | Create | Villager (Male) |
Build order — Sky_二哥
57 actions detected in the replay
| 0:01 | Create | Villager (Male) |
| 0:02 | Create | Villager (Male) |
| 0:02 | Create | Villager (Male) |
| 0:04 | Build | House |
| 0:06 | Build | House |
| 0:26 | Create | Villager (Male) |
| 1:44 | Create | Villager (Male) |
| 1:44 | Create | Villager (Male) |
| 1:44 | Create | Villager (Male) |
| 2:01 | Create | Villager (Male) |
| 2:02 | Create | Villager (Male) |
| 2:15 | Build | Lumber Camp |
| 2:42 | Create | Villager (Male) |
| 2:42 | Create | Villager (Male) |
| 3:05 | Create | Villager (Male) |
| 3:05 | Create | Villager (Male) |
| 3:12 | Build | House |
| 3:14 | Build | House |
| 3:19 | Create | Villager (Male) |
| 3:51 | Create | Villager (Male) |
| 3:51 | Create | Villager (Male) |
| 3:51 | Create | Villager (Male) |
| 4:04 | Build | House |
| 4:38 | Create | Villager (Male) |
| 4:39 | Create | Villager (Male) |
| 4:45 | Build | House |
| 4:54 | Create | Villager (Male) |
| 5:44 | Create | Villager (Male) |
| 5:44 | Create | Villager (Male) |
| 5:45 | Create | Villager (Male) |
| 5:45 | Create | Villager (Male) |
| 6:03 | Build | Mill |
| 6:23 | Create | Villager (Male) |
| 6:23 | Create | Villager (Male) |
| 6:24 | Create | Villager (Male) |
| 6:45 | Build | Farm |
| 6:47 | Build | Farm |
| 6:52 | Create | Villager (Male) |
| 6:53 | Create | Villager (Male) |
| 7:24 | Build | Farm |
| 7:28 | Build | Farm |
| 8:13 | Create | Villager (Male) |
| 8:36 | Build | Mining Camp |
| 9:24 | Build | Farm |
| 9:41 | Research | Feudal Age |
| 10:30 | Build | Mining Camp |
| 10:37 | Build | Farm |
| 11:26 | Create | Villager (Male) |
| 11:26 | Create | Villager (Male) |
| 11:27 | Create | Villager (Male) |
| 11:51 | Age | Feudal Age |
| 12:04 | Build | Market |
| 12:11 | Build | Blacksmith |
| 13:04 | Research | Castle Age |
| 13:23 | Research | Double-Bit Axe |
| 13:35 | Build | Farm |
| 13:48 | Research | Horse Collar |
Build order — donE!
69 actions detected in the replay
| 0:01 | Create | Villager (Male) |
| 0:01 | Create | Villager (Male) |
| 0:01 | Create | Villager (Male) |
| 0:02 | Build | House |
| 0:04 | Build | House |
| 0:26 | Create | Villager (Male) |
| 0:26 | Create | Villager (Male) |
| 1:25 | Create | Villager (Male) |
| 1:45 | Build | Lumber Camp |
| 2:04 | Create | Villager (Male) |
| 2:18 | Create | Villager (Male) |
| 2:52 | Create | Villager (Male) |
| 3:01 | Create | Villager (Male) |
| 3:09 | Build | House |
| 3:30 | Create | Villager (Male) |
| 3:30 | Create | Villager (Male) |
| 3:56 | Create | Villager (Male) |
| 4:23 | Create | Villager (Male) |
| 4:23 | Create | Villager (Male) |
| 4:50 | Create | Villager (Male) |
| 4:50 | Create | Villager (Male) |
| 4:51 | Create | Villager (Male) |
| 5:07 | Build | Mill |
| 5:33 | Create | Villager (Male) |
| 5:33 | Create | Villager (Male) |
| 5:54 | Build | House |
| 6:13 | Create | Villager (Male) |
| 6:47 | Create | Villager (Male) |
| 6:48 | Create | Villager (Male) |
| 6:49 | Create | Villager (Male) |
| 7:02 | Create | Villager (Male) |
| 7:09 | Build | Farm |
| 7:10 | Build | Farm |
| 7:10 | Build | Farm |
| 7:54 | Research | Loom |
| 8:18 | Research | Feudal Age |
| 8:19 | Research | Feudal Age |
| 8:25 | Build | Mining Camp |
| 9:07 | Build | Lumber Camp |
| 9:17 | Build | Farm |
| 9:30 | Build | Farm |
| 9:38 | Build | House |
| 9:52 | Create | Villager (Male) |
| 9:53 | Create | Villager (Male) |
| 10:05 | Build | Farm |
| 10:26 | Create | Villager (Male) |
| 10:43 | Build | Farm |
| 10:48 | Build | Farm |
| 10:56 | Age | Feudal Age |
| 11:05 | Research | Loom |
| 12:08 | Create | Villager (Male) |
| 12:40 | Research | Castle Age |
| 12:55 | Build | House |
| 12:56 | Build | House |
| 13:01 | Research | Double-Bit Axe |
| 13:32 | Build | Stable |
| 13:46 | Research | Horse Collar |
| 14:23 | Build | Stable |
| 14:32 | Build | Blacksmith |
| 14:37 | Create | Villager (Male) |
| 14:37 | Create | Villager (Male) |
| 14:38 | Create | Villager (Male) |
| 15:20 | Age | Castle Age |
| 15:25 | Build | Town Center |
| 15:29 | Create | Villager (Male) |
| 15:32 | Research | Bow Saw |
| 15:39 | Research | Heavy Plow |
| 15:52 | Create | Knight |
| 15:52 | Create | Knight |
Build order — 西岸大法咒
51 actions detected in the replay
| 0:08 | Build | House |
| 0:10 | Build | House |
| 0:11 | Create | Villager (Male) |
| 0:11 | Create | Villager (Male) |
| 0:11 | Create | Villager (Male) |
| 0:11 | Create | Villager (Male) |
| 1:18 | Create | Villager (Male) |
| 1:54 | Build | Lumber Camp |
| 2:16 | Create | Villager (Male) |
| 2:16 | Create | Villager (Male) |
| 2:19 | Create | Villager (Male) |
| 2:50 | Create | Villager (Male) |
| 3:11 | Create | Villager (Male) |
| 3:27 | Create | Villager (Male) |
| 3:35 | Build | House |
| 3:53 | Create | Villager (Male) |
| 4:15 | Build | Mill |
| 4:19 | Create | Villager (Male) |
| 4:45 | Create | Villager (Male) |
| 5:08 | Create | Villager (Male) |
| 5:16 | Build | Mining Camp |
| 5:41 | Build | House |
| 5:44 | Create | Villager (Male) |
| 5:54 | Create | Villager (Male) |
| 6:26 | Build | House |
| 6:32 | Create | Villager (Male) |
| 6:32 | Create | Villager (Male) |
| 6:45 | Create | Villager (Male) |
| 6:57 | Build | Mining Camp |
| 7:01 | Build | House |
| 7:02 | Build | House |
| 8:01 | Build | House |
| 8:06 | Create | Villager (Male) |
| 8:06 | Create | Villager (Male) |
| 8:06 | Create | Villager (Male) |
| 8:15 | Build | Mill |
| 9:09 | Build | House |
| 9:33 | Research | Feudal Age |
| 10:11 | Build | House |
| 10:44 | Build | House |
| 11:20 | Build | House |
| 11:43 | Age | Feudal Age |
| 11:55 | Build | Market |
| 12:10 | Create | Villager (Male) |
| 12:11 | Create | Villager (Male) |
| 12:20 | Build | Blacksmith |
| 12:55 | Research | Castle Age |
| 13:37 | Research | Horse Collar |
| 13:43 | Research | Double-Bit Axe |
| 14:38 | Build | House |
| 14:58 | Build | House |
Build order — ->BaD^BoY^VieTNaM<-
58 actions detected in the replay
| 0:00 | Create | Villager (Male) |
| 0:01 | Create | Villager (Male) |
| 0:02 | Build | House |
| 0:04 | Build | House |
| 0:53 | Create | Villager (Male) |
| 0:53 | Create | Villager (Male) |
| 1:34 | Create | Villager (Male) |
| 1:45 | Build | Lumber Camp |
| 1:56 | Create | Villager (Male) |
| 2:19 | Create | Villager (Male) |
| 2:47 | Create | Villager (Male) |
| 3:00 | Build | House |
| 3:17 | Create | Villager (Male) |
| 3:27 | Create | Villager (Male) |
| 4:07 | Create | Villager (Male) |
| 4:31 | Create | Villager (Male) |
| 4:31 | Create | Villager (Male) |
| 4:50 | Create | Villager (Male) |
| 5:07 | Create | Villager (Male) |
| 5:43 | Create | Villager (Male) |
| 5:45 | Research | Loom |
| 5:56 | Build | Mining Camp |
| 6:48 | Build | House |
| 6:49 | Build | House |
| 6:50 | Build | House |
| 7:15 | Research | Feudal Age |
| 7:59 | Create | Villager (Male) |
| 9:25 | Age | Feudal Age |
| 9:27 | Build | Blacksmith |
| 9:29 | Research | Double-Bit Axe |
| 9:34 | Build | Mill |
| 9:47 | Build | Siege Workshop |
| 9:52 | Create | Villager (Male) |
| 10:38 | Create | Battering Ram |
| 10:38 | Create | Battering Ram |
| 10:38 | Create | Battering Ram |
| 10:54 | Create | Villager (Male) |
| 11:31 | Build | House |
| 11:32 | Create | Villager (Male) |
| 11:33 | Create | Battering Ram |
| 11:50 | Create | Villager (Male) |
| 11:57 | Create | Battering Ram |
| 12:24 | Create | Villager (Male) |
| 12:33 | Create | Battering Ram |
| 13:00 | Create | Villager (Male) |
| 13:05 | Build | House |
| 13:06 | Build | House |
| 13:18 | Create | Villager (Male) |
| 13:26 | Create | Battering Ram |
| 13:45 | Create | Villager (Male) |
| 14:34 | Create | Villager (Male) |
| 14:34 | Create | Villager (Male) |
| 14:41 | Create | Villager (Male) |
| 14:53 | Create | Villager (Male) |
| 14:57 | Build | Town Center |
| 15:16 | Create | Villager (Male) |
| 15:50 | Create | Villager (Male) |
| 15:56 | Create | Villager (Male) |
Build order — Kingssiu
49 actions detected in the replay
| 0:02 | Research | Loom |
| 0:02 | Create | Villager (Male) |
| 0:03 | Create | Villager (Male) |
| 0:03 | Create | Villager (Male) |
| 0:03 | Create | Villager (Male) |
| 0:03 | Create | Villager (Male) |
| 0:04 | Create | Villager (Male) |
| 0:07 | Build | House |
| 0:10 | Build | House |
| 1:52 | Create | Villager (Male) |
| 2:17 | Create | Villager (Male) |
| 2:34 | Create | Villager (Male) |
| 2:34 | Create | Villager (Male) |
| 2:39 | Build | Lumber Camp |
| 3:23 | Create | Villager (Male) |
| 3:23 | Create | Villager (Male) |
| 3:23 | Create | Villager (Male) |
| 3:52 | Build | House |
| 3:58 | Create | Villager (Male) |
| 3:58 | Create | Villager (Male) |
| 4:25 | Create | Villager (Male) |
| 4:30 | Build | House |
| 4:55 | Create | Villager (Male) |
| 5:13 | Build | House |
| 5:15 | Build | House |
| 5:20 | Create | Villager (Male) |
| 5:20 | Create | Villager (Male) |
| 5:50 | Create | Villager (Male) |
| 5:51 | Create | Villager (Male) |
| 5:51 | Create | Villager (Male) |
| 6:02 | Create | Villager (Male) |
| 6:03 | Create | Villager (Male) |
| 6:28 | Build | Mill |
| 7:29 | Create | Villager (Male) |
| 7:47 | Create | Villager (Male) |
| 8:02 | Create | Villager (Male) |
| 8:07 | Create | Villager (Male) |
| 8:08 | Create | Villager (Male) |
| 8:59 | Create | Villager (Male) |
| 9:07 | Build | Mining Camp |
| 9:24 | Build | Mining Camp |
| 10:02 | Research | Feudal Age |
| 10:15 | Build | Barracks |
| 12:12 | Age | Feudal Age |
| 12:20 | Build | Blacksmith |
| 12:25 | Build | Stable |
| 12:55 | Build | Stable |
| 13:34 | Research | Castle Age |
| 13:34 | Research | Castle Age |
Build order — 大丈夫岂能郁郁久居于
83 actions detected in the replay
| 0:01 | Create | Villager (Male) |
| 0:02 | Create | Villager (Male) |
| 0:02 | Create | Villager (Male) |
| 0:02 | Create | Villager (Male) |
| 0:05 | Build | House |
| 0:06 | Build | House |
| 1:37 | Create | Villager (Male) |
| 1:37 | Create | Villager (Male) |
| 1:38 | Create | Villager (Male) |
| 1:38 | Create | Villager (Male) |
| 2:06 | Create | Villager (Male) |
| 2:17 | Build | Lumber Camp |
| 2:26 | Create | Villager (Male) |
| 2:26 | Create | Villager (Male) |
| 2:44 | Research | Loom |
| 2:44 | Research | Loom |
| 2:47 | Create | Villager (Male) |
| 2:48 | Create | Villager (Male) |
| 2:48 | Create | Villager (Male) |
| 3:17 | Create | Villager (Male) |
| 3:18 | Create | Villager (Male) |
| 4:00 | Create | Villager (Male) |
| 4:01 | Create | Villager (Male) |
| 4:01 | Create | Villager (Male) |
| 4:06 | Build | House |
| 4:28 | Build | Mill |
| 4:31 | Create | Villager (Male) |
| 4:32 | Create | Villager (Male) |
| 4:32 | Create | Villager (Male) |
| 4:32 | Create | Villager (Male) |
| 5:20 | Create | Villager (Male) |
| 5:21 | Create | Villager (Male) |
| 5:21 | Create | Villager (Male) |
| 5:21 | Create | Villager (Male) |
| 5:21 | Create | Villager (Male) |
| 5:29 | Build | House |
| 5:54 | Create | Villager (Male) |
| 5:54 | Create | Villager (Male) |
| 5:55 | Create | Villager (Male) |
| 5:55 | Create | Villager (Male) |
| 6:04 | Build | Mill |
| 6:47 | Create | Villager (Male) |
| 8:21 | Create | Villager (Male) |
| 8:29 | Build | Mining Camp |
| 8:53 | Research | Feudal Age |
| 9:14 | Create | Villager (Male) |
| 9:14 | Create | Villager (Male) |
| 9:23 | Build | House |
| 10:38 | Build | Barracks |
| 11:03 | Age | Feudal Age |
| 11:07 | Build | Blacksmith |
| 11:12 | Build | Market |
| 11:51 | Research | Loom |
| 12:03 | Build | House |
| 12:08 | Create | Flemish Militia |
| 12:36 | Research | Castle Age |
| 12:36 | Research | Castle Age |
| 12:37 | Research | Castle Age |
| 12:41 | Research | Horse Collar |
| 12:41 | Research | Horse Collar |
| 13:00 | Create | Flemish Militia |
| 13:21 | Build | Farm |
| 13:21 | Build | Farm |
| 13:22 | Build | Farm |
| 13:22 | Build | Farm |
| 13:22 | Build | Farm |
| 13:23 | Build | Farm |
| 13:30 | Research | Double-Bit Axe |
| 13:30 | Research | Double-Bit Axe |
| 13:30 | Research | Double-Bit Axe |
| 13:48 | Build | Lumber Camp |
| 14:04 | Create | Villager (Male) |
| 14:41 | Build | Farm |
| 14:41 | Build | Farm |
| 14:45 | Build | Farm |
| 14:46 | Build | Farm |
| 14:46 | Build | Farm |
| 14:46 | Build | Farm |
| 14:46 | Build | Farm |
| 14:51 | Build | Farm |
| 14:51 | Build | Farm |
| 15:16 | Age | Castle Age |
| 15:33 | Build | Town Center |
Match timeline
| 7:38 | Bad Boy · first_building Barracks |
| 9:25 | ->BaD^BoY^VieTNaM<- · age_up feudal |
| 9:47 | ->BaD^BoY^VieTNaM<- · first_building Siege Workshop |
| 10:15 | Kingssiu · first_building Barracks |
| 10:26 | 叫我帅哥就好了 · age_up feudal |
| 10:34 | Bad Boy · age_up feudal |
| 10:38 | 大丈夫岂能郁郁久居于 · first_building Barracks |
| 10:56 | donE! · age_up feudal |
| 11:03 | 大丈夫岂能郁郁久居于 · age_up feudal |
| 11:43 | 西岸大法咒 · age_up feudal |
| 11:51 | Sky_二哥 · age_up feudal |
| 12:12 | Kingssiu · age_up feudal |
| 12:25 | Kingssiu · first_building Stable |
| 12:35 | 大丈夫岂能郁郁久居于 · first_market_sell 100 wood |
| 13:32 | donE! · first_building Stable |
| 13:41 | 叫我帅哥就好了 · first_market_buy 100 food |
| 14:00 | 叫我帅哥就好了 · first_building Barracks |
| 15:16 | 大丈夫岂能郁郁久居于 · age_up castle |
| 15:20 | donE! · age_up castle |
| 15:32 | 西岸大法咒 · resign |
[ AI ANALYSIS · 1 CREDIT ]
What really happened in this match?
Wolo.gg analyzes every decision: build order, eco, micro, common mistakes by bracket. Personalized analysis on WhatsApp or Discord in 30 seconds.
Civ guide
Cumans
Perfil
Jugador #12425865